 Dungeon Crawl Stone Soup version 0.20-a0-470-gbb038bd (webtiles) character file.

62 HarryHood the Skirmisher (level 4, -7/31 HPs)
             Began as a Gargoyle Fighter on Jan 14, 2017.
             Mangled by a gnoll
             ... wielding a +1 spear of freezing
              (8 damage)
             ... on level 2 of the Dungeon.
             The game lasted 00:03:27 (1003 turns).

HarryHood the Skirmisher (Gargoyle Fighter)         Turns: 1003, Time: 00:03:27

Health: -7/31      AC:  6    Str: 20    XL:     4   Next: 8%
Magic:  4/4        EV:  7    Int:  8    God:
Gold:   12         SH:  9    Dex: 10    Spells: 3/3 levels left

rFire  . . .     SeeInvis .     a - +0 flail
rCold  . . .     Gourm    .     b - +0 scale mail
rNeg   + . .     Faith    .     c - +0 shield
rPois  ∞         Spirit   .     (no helmet)
rElec  +         Reflect  .     (no cloak)
rCorr  .         Harm     .     (no gloves)
MR     .....                    (no boots)
Stlth  ..........               (no amulet)
                                (no ring)
                                e - -4 ring of protection (curse)

@: no status effects
A: negative energy resistance 1, electricity resistance, unbreathing,
petrification resistance, rot immunity, AC +3
a: no special abilities


You were on level 2 of the Dungeon.
You were hungry.

You visited 1 branch of the dungeon, and saw 2 of its levels.

You collected 12 gold pieces.

Inventory:

Hand Weapons
 a - a +0 flail (weapon)
Armour
 b - a +0 scale mail (worn)
 c - a +0 shield (worn)
Jewellery
 e - a cursed -4 ring of protection (left hand)
Scrolls
 g - a scroll of immolation {!r}
 i - a scroll of enchant armour {unknown}
 l - a scroll of amnesia {unknown}
Potions
 d - a potion of might
Comestibles
 f - 2 bread rations {@e1}
 h - 9 chunks of flesh
 j - a royal jelly {=g@e3}
 k - a meat ration {@e1}


   Skills:
 * Level 5.3 Fighting
 - Level 2.0 Maces & Flails
 - Level 3.2 Armour
 - Level 3.2 Shields


You had 3 spell levels left.
You didn't know any spells.

Dungeon Overview and Level Annotations

Branches:
Dungeon (2/15)

Altars:


Innate Abilities, Weirdness & Mutations

You are resistant to torment.
Your stone body is resilient. (AC +3)
You are immune to poison.
You resist negative energy. (rN+)
You are resistant to electric shocks. (rElec)
You can survive without breathing.
You are immune to petrification.
You are immune to rotting.


Message History

You closely miss the quokka.
The quokka is almost dead.
The quokka bites you but does no damage.
You hit the quokka but do no damage.
The quokka is almost dead.
You block the quokka's attack. The quokka closely misses you.
The gnoll hits you from afar with a halberd.
* * * LOW HITPOINT WARNING * * *
You sock the quokka!
You kill the quokka!
The gnoll hits you from afar with a halberd.
* * * LOW HITPOINT WARNING * * *
You block the gnoll's attack. The gnoll barely misses you.
The gnoll hits you from afar with a spear.
* * * LOW HITPOINT WARNING * * *
You see here a quokka corpse.
You sock the gnoll!
The gnoll is severely wounded.
The gnoll hits you from afar with a spear of freezing!
You die...

#.#.....#.....##..##.......#...
#)............##..##.##....#...
###..........#..##..##.......#.#.
......g...g.....##..#####....#.##
..#.....###gg#.###..####.......#
#.....# #..#.# #.......(..##.#
#.....# #..#.# #.........<.....
#.##### #..#g###...#.##......##
## ##..gg@....#.##.#..#.#
#.#g#####.#.##....#.# #...#
#.#.##.#....# ##### #.... .#.###
##### #


You could see 4 gnolls.

Vanquished Creatures
  3 adders (D:1)
  A worm (D:2)
  2 dart slugs (D:1)
  2 giant cockroaches (D:1)
  7 goblins
  3 hobgoblins
  A quokka (D:2)
  2 bats (D:2)
  6 frilled lizards
  3 rats
30 creatures vanquished.

Notes
Turn   | Place    | Note
-------+----------+-------------------------------------------
     0 | D:1      | HarryHood the Gargoyle Fighter began the quest for the Orb.
     0 | D:1      | Reached XP level 1. HP: 14/14 MP: 1/1
   205 | D:1      | Reached XP level 2. HP: 8/20 MP: 2/2
   456 | D:1      | Reached skill level 4 in Fighting
   650 | D:1      | Reached XP level 3. HP: 12/24 MP: 3/3
   795 | D:1      | Reached skill level 5 in Fighting
   916 | D:2      | Reached XP level 4. HP: 31/31 MP: 4/4
  1002 | D:2      | HP: 1/31 [gnoll/spear (3)]
  1003 | D:2      | Mangled by a gnoll

Vault maps used:
D:1:      eino_arrival_water_star, minmay_misc_feat_iff, minmay_hedge_maze
D:2:      nicolae_overflow_crystal_walls, led_sif_pool

Skill      XL: |  1  2  3 |
---------------+----------+-----
Fighting       | 4 5 |  5.3
Maces & Flails | |  2.0
Armour         | |  3.2
Shields        | |  3.2

Action                   |  1- 3 |  4- 6 || total
-------------------------+-------+-------++-------
Melee: Flail             |    94 |    17 ||   111
  Use: Scroll            |     2 |       ||     2
Armor: Scale mail        |    40 |    11 ||    51
Dodge: Dodged            |    24 |     7 ||    31
Block: Shield            |    45 |     7 ||    52
